 Dungeon Crawl Stone Soup version 0.23-a0-550-g7de1f8e (webtiles) character file.

682 aurelian the Firebug (level 7, -2/55 HPs)
             Began as a Naga Fire Elementalist on Dec 8, 2018.
             Was a Follower of Ru.
             Shot with an arrow by a centaur (8 damage)
             ... on level 5 of the Dungeon.
             The game lasted 00:15:55 (5451 turns).

aurelian the Firebug (Naga Fire Elementalist)       Turns: 5451, Time: 00:15:56

Health: -2/55      AC:  5    Str: 11    XL:     7   Next: 61%
Magic:  9/12       EV:  5    Int: 17    God:    Ru [*.....]
Gold:   163        SH:  0    Dex: 11    Spells: 5/13 levels left

rFire    . . .     SeeInvis +   a - +2 short sword (freeze)
rCold    . . .     Gourm    .   (no shield)
rNeg     . . .     Faith    .   p - +1 robe
rPois    +         Spirit   .   (no helmet)
rElec    .         Reflect  .   v - +0 cloak
rCorr    +         Harm     .   (no gloves)
MR       .....                  (no barding)
Stlth    +++.......             b - amulet of the acrobat
HPRegen  0.00/turn              s - ring of resist corrosion
MPRegen  0.13/turn              (no ring)

@: very slightly contaminated, very slow
A: large, see invisible, deformed body, poison resistance, slowness 2, inhibited
regeneration, slow metabolism 1, spit poison 1, reduced EV 1, AC +2
a: Spit Poison, Renounce Religion


You were on level 5 of the Dungeon.
You worshipped Ru.
Ru was aware of your devotion.
You were near starving.

You visited 1 branch of the dungeon, and saw 6 of its levels.
You also visited: Sewer.

You collected 163 gold pieces.

Inventory:

Hand Weapons
 a - a +2 short sword of freezing (weapon)
   (You took it off a kobold on level 2 of the Dungeon)
 d - a +0 dagger
   (You took it off a goblin on level 1 of the Dungeon)
 m - a +0 blowgun
   (You took it off a kobold in a sewer)
Missiles
 c - 156 stones (quivered)
 o - 14 poisoned needles
Armour
 p - a +1 robe (worn)
 u - a scarf of spirit shield
   (You found it on level 4 of the Dungeon)
 v - a +0 cloak (worn)
   (You found it on level 5 of the Dungeon)
Jewellery
 b - an amulet of the acrobat (around neck)
   (You found it on level 1 of the Dungeon)
 s - a ring of resist corrosion (left hand)
   (You found it on level 3 of the Dungeon)
Scrolls
 g - 3 scrolls of remove curse {@r2}
 i - a scroll of magic mapping
 l - 2 scrolls of teleportation {@r4}
 r - a scroll of identify {@r1}
 w - 3 scrolls of summoning {unknown}
Potions
 f - 4 potions of curing {unknown}
 h - 3 potions of flight {unknown}
 k - 2 potions of brilliance {unknown}
 n - 2 potions of lignification {unknown}
 t - a potion of degeneration {unknown}
Comestibles
 e - 9 rations {!d}


   Skills:
 - Level 1.5 Dodging
 - Level 5.0 Stealth
 + Level 3.5 Spellcasting
 * Level 4.8 Conjurations
 * Level 5.6 Fire Magic


You had 5 spell levels left.
You knew the following spells:

 Your Spells              Type           Power        Failure   Level  Hunger
a - Flame Tongue          Conj/Fire      ###..        1%          1    None
d - Conjure Flame         Conj/Fire      ###.....     6%          3    ###....
q - Sticky Flame          Conj/Fire      ###.....     19%         4    ####...

Your spell library contained the following spells:

 Spells                   Type           Power        Failure   Level  Hunger
 Throw Flame              Conj/Fire      ###...       3%          2    ##.....
 Inner Flame              Hex/Fire       ##......     16%         3    ###....
 Fireball                 Conj/Fire      ###.......   47%         5    ######.


Dungeon Overview and Level Annotations

Branches:
Dungeon (6/15)
 Temple: D:4-7

Altars:
Dithmenos
Gozag
Nemelex Xobeh
Okawaru
Ru


Innate Abilities, Weirdness & Mutations

You cannot wear boots.
Your serpentine skin is tough. (AC +2)
You have supernaturally acute eyesight. (SInv)
Armour fits poorly on your strangely shaped body.
Your system is resistant to poisons. (rPois)
You cover ground very slowly.
You do not regenerate when monsters are visible.
You have a slow metabolism.
You can spit poison.
You have somewhat slow reflexes. (EV -5)


Message History

You feel strangely alone.
You start putting on your armour.
You continue putting on your cloak. x5
You finish putting on your +0 cloak.
Found 2 silvery potions.
Found 3 scrolls labeled YWIFEMU LOGE.
Found a mace.
h - 3 silvery potions (gained 2)
w - 3 scrolls labeled YWIFEMU LOGE A centaur comes into view.
Found a hunting sling.
The centaur shouts!
The centaur wields a +0 shortbow.
The centaur shoots an arrow.
The arrow hits you!
You see here an arrow.
Aim: a centaur, wielding a +0 shortbow The splash of poison hits the centaur.
The centaur is poisoned.
You feel slightly more hungry.
The centaur shoots an arrow.
The arrow hits you.
The centaur shoots an arrow.
The arrow hits you!
* * * LOW HITPOINT WARNING * * *
You feel much better.
The centaur shoots an arrow.
The arrow hits you!
You can't do that yet.
You aren't carrying any items that you can evoke.
Unknown command.
Unknown command.
As you read the scroll of fear, it crumbles to dust.
You assume a fearsome visage.
The centaur looks frightened!
The centaur gibbers meaninglessly.
Unknown command.
You have got your breath back.
Cornered, the centaur turns to fight!
The centaur shoots an arrow.
The arrow hits you!
* * * LOW HITPOINT WARNING * * *
You see here an arrow.
Aim: a centaur, wielding a +0 shortbow (heavily wounded, poisoned)
The flame tongue hits the centaur.
You are near starving!
The centaur shoots an arrow.
The arrow hits you.
* * * LOW HITPOINT WARNING * * *
Aim: a centaur, wielding a +0 shortbow (almost dead, poisoned)
You miscast Flame Tongue.
You are very lightly contaminated with residual magic.
Nothing appears to happen.
The centaur looks more healthy.
The centaur shoots an arrow.
The arrow hits you.
* * * LOW HITPOINT WARNING * * *
The centaur shoots an arrow.
The arrow hits you!
* * * LOW HITPOINT WARNING * * *
Aim: a centaur, wielding a +0 shortbow (almost dead)
You miscast Flame Tongue.
Sparks fly from your hands!
The centaur shoots an arrow.
The arrow hits you!
You die...

###### ##....##
##...c..#
#.......#
##(...@..#
##........#
##.........#
##..........#
##.....)...).#
#............#
##............#
##.............#
#..............#


You could see a centaur.

Vanquished Creatures
  A sky beast (D:5)
  A phantom (D:5)
  An ogre (D:4)
  A big kobold (Sewer)
  A hound (D:4)
  A jelly (D:5)
  A worker ant (D:4)
  3 gnolls (D:3)
  3 river rats
  8 adders
  4 oozes
  5 worms
  4 dart slugs
  4 orcs
  6 bats
  5 giant cockroaches
  9 goblins
  10 hobgoblins
  4 jackals (D:1)
  2 quokkas
  6 ball pythons (Sewer)
  5 frilled lizards
  A jackal skeleton (D:4)
  17 kobolds
  A leopard gecko skeleton (D:4)
  13 rats
117 creatures vanquished.

Notes
Turn   | Place    | Note
-------+----------+-------------------------------------------
     0 | D:1      | aurelian the Naga Fire Elementalist began the quest for the
                  | Orb.
     0 | D:1      | Reached XP level 1. HP: 15/15 MP: 3/3
     2 | D:1      | Noticed an elf
     4 | D:1      | Noticed an ogre
     4 | D:1      | Noticed a tengu
     6 | D:1      | Noticed a vine stalker
     6 | D:1      | Noticed a dwarf
     8 | D:1      | Noticed a troll
    10 | D:1      | Noticed a spriggan
    10 | D:1      | Noticed a human
    12 | D:1      | Noticed a draconian
    12 | D:1      | Noticed a halfling
    14 | D:1      | Noticed a vampire
    14 | D:1      | Noticed a demonspawn
    16 | D:1      | Noticed an octopode
    16 | D:1      | Noticed a minotaur
    18 | D:1      | Noticed a naga
    18 | D:1      | Noticed a ghoul
    20 | D:1      | Noticed a formicid
    20 | D:1      | Noticed a merfolk
    22 | D:1      | Noticed a felid
    24 | D:1      | Noticed a gargoyle
    24 | D:1      | Noticed a centaur
    26 | D:1      | Noticed a demigod
   258 | D:1      | Reached XP level 2. HP: 7/22 MP: 0/5
   992 | D:1      | Reached XP level 3. HP: 28/28 MP: 6/6
  1488 | D:2      | Found a sacrificial altar of Ru.
  1597 | D:2      | Became a worshipper of Ru the Awakened
  1986 | D:2      | Learned a level 3 spell: Conjure Flame
  2049 | D:2      | Reached XP level 4. HP: 25/36 MP: 3/7
  3025 | D:3      | Gained mutation: You have somewhat slow reflexes. (EV -5)
                  | [Ru sacrifice]
  3025 | D:3      | Reached * piety under Ru
  3179 | D:3      | Reached XP level 5. HP: 42/42 MP: 5/8
  3209 | D:3      | Learned a level 4 spell: Sticky Flame
  3937 | D:4      | Noticed an ogre
  3947 | D:4      | Killed an ogre
  3947 | D:4      | Reached XP level 6. HP: 39/49 MP: 6/10
  4071 | D:4      | Found a sparkling altar of Nemelex Xobeh.
  4071 | D:4      | Found an iron altar of Okawaru.
  4346 | D:4      | Found a shadowy altar of Dithmenos.
  4411 | D:5      | Entered Level 5 of the Dungeon
  4468 | D:5      | Noticed a sky beast
  4476 | D:5      | Killed a sky beast
  4476 | D:5      | Reached skill level 5 in Stealth
  4529 | D:5      | Reached skill level 5 in Fire Magic
  4573 | D:5      | Reached XP level 7. HP: 55/55 MP: 9/11
  4665 | D:5      | Found a glowing drain.
  4675 | Sewer    | Entered a sewer
  5192 | D:5      | Found an opulent altar of Gozag.
  5316 | D:5      | Gained mutation: You do not regenerate when monsters are
                  | visible. [Ru sacrifice]
  5451 | D:5      | Shot with an arrow by a centaur

Vault maps used:
D:1:      kb_arrival_jail, st_stairs_14
D:2:      nicolae_ru_sacrificial_ziggurat
D:4:      lemuel_doored_altar, chequers_temple_overflow_statue_of_worship
D:5:      minitemple, minmay_temple_entry_fiery, first_ration, basic_altar,
          lightli_sewer_entry_pipes
D:6:      elyvilon_altar_3, uniq_duvessa
Sewer:    sewer_co_15_rooms

Skill      XL: |  1  2  3  4  5  6 |
---------------+-------------------+-----
Conjurations   | 2 3 4 |  4.8
Stealth        | 4 5 |  5.0
Fire Magic     | 4 5 |  5.6
Spellcasting   | 3 |  3.5
Dodging        | |  1.5

Action                   |  1- 3 |  4- 6 |  7- 9 || total
-------------------------+-------+-------+-------++-------
Melee: Unarmed           |     5 |       |       ||     5
       Dagger            |     4 |     2 |       ||     6
       Short sword       |       |     8 |     3 ||    11
Throw: Stone             |       |     1 |       ||     1
 Cast: Flame Tongue      |    19 |    49 |    50 ||   118
Invok: Sacrifice Health  |       |     1 |       ||     1
       Sacrifice Purity  |       |       |     1 ||     1
 Abil: Spit Poison       |    44 |    47 |    10 ||   101
  Use: Potion            |       |     1 |     1 ||     2
       Scroll            |       |     6 |     2 ||     8
 Stab: Sleeping          |     1 |       |     1 ||     2
  Eat: Chunk             |     5 |     9 |     2 ||    16
Armor: Robe              |     6 |     9 |       ||    15
Dodge: Dodged            |    13 |    12 |    10 ||    35

Table legend:
 A = Non-vault XP
 B = Vault XP
 C = Vault XP percentage of total XP
 D = Non-vault monster count
 E = Vault monster count
 F = Vault count percentage of total count
                 A         B        C        D         E       F
            +---------+---------+-------+---------+---------+-------
      Total |     732 |     243 |  24.9 |      87 |      30 |  25.6
            +---------+---------+-------+---------+---------+-------
        D:1 |      36 |       3 |   7.7 |      21 |       2 |   8.7
        D:2 |      69 |       0 |   0.0 |      27 |       0 |   0.0
        D:3 |      94 |       0 |   0.0 |      23 |       0 |   0.0
        D:4 |     216 |       0 |   0.0 |      10 |       0 |   0.0
        D:5 |     317 |      78 |  19.7 |       6 |       8 |  57.1
      Sewer |       0 |     162 | 100.0 |       0 |      20 | 100.0
            +---------+---------+-------+---------+---------+-------
